[Event "Team 45 45 League T78"]
[Site "Internet Chess Club"]
[Date "2018.10.05"]
[Round "3"]
[White "idjit"]
[Black "Hal2001"]
[Result "0-1"]
[WhiteElo "1518"]
[BlackElo "1608"]
[Opening "Sicilian: Grand Prix attack"]
[ECO "B23"]
[Time "20:10:43"]
[TimeControl "2700+45"]

1. e4 c5 2. Nc3 Nc6 3. f4 e6 4. Nf3 Nge7 5. Bb5 a6 6. Bxc6 Nxc6 7. O-O d5 8. d3
d4 9. Ne2 Be7 10. Qe1 f5 11. Ng3 O-O 12. Bd2 b6 13. c3 Bb7 14. Qf2 Rc8 15. Rad1
Rc7 16. c4 Bh4 17. Rde1 Bf6 18. exf5 exf5 19. Nxf5 Be7 20. Nxe7+ Nxe7 21. Ng5
Bc8 22. Ne6 Bxe6 23. Rxe6 Rc6 24. Rfe1 Rxe6 25. Rxe6 Nf5 26. g4 Nh4 27. f5 g5
28. b3 Qa8 29. Qe2 Nf3+ 30. Kf2 Nh4 31. Bxg5 Qg2+ {White resigns} 0-1

[Event "Team 45 45 League T78"]
[Site "Internet Chess Club"]
[Date "2018.10.05"]
[Round "3"]
[White "Constrictor"]
[Black "chesskix"]
[Result "0-1"]
[WhiteElo "1514"]
[BlackElo "1385"]
[Opening "Nimzovich-Larsen attack"]
[ECO "A01"]
[Time "20:01:35"]
[TimeControl "2700+45"]

1. b3 d6 2. Bb2 Bf5 3. Nc3 Nf6 4. Nf3 h6 5. g3 c6 6. Bg2 Nbd7 7. O-O e6 8. Re1
d5 9. d3 Bc5 10. Na4 Bb6 11. Nxb6 axb6 12. c4 O-O 13. a4 Re8 14. Ne5 Nxe5 15.
Bxe5 Ng4 16. Bb2 e5 17. e4 dxe4 18. Bxe4 Bd7 19. d4 Qc7 20. f3 Nf6 21. dxe5 Nxe4
22. Rxe4 Rad8 23. Qe1 Be6 24. f4 c5 25. Re2 Rd3 26. Rd1 Red8 27. Rxd3 Rxd3 28.
Rd2 Rxb3 29. Qd1 Bxc4 30. Rd8+ Kh7 31. Qc2+ g6 32. Qxc4 Rxb2 33. Qd5 Rb1+ 34.
Kf2 c4 35. Ke2 Rb2+ 36. Kd1 c3 37. Rd7 c2+ {White resigns} 0-1

[Event "Team 45 45 League T78"]
[Site "Internet Chess Club"]
[Date "2018.10.08"]
[Round "3"]
[White "Goli"]
[Black "MarcB"]
[Result "0-1"]
[WhiteElo "1648"]
[BlackElo "1645"]
[Opening "Scandinavian (center counter) defense"]
[ECO "B01"]
[Time "13:01:00"]
[TimeControl "2700+45"]

1. e4 d5 2. exd5 Qxd5 3. Nc3 Qd8 4. d4 Nf6 5. Nf3 Bg4 6. Be2 e6 7. Bf4 Bd6 8.
Qd2 c6 9. h3 Bxf3 10. Bxf3 Qc7 11. Bg5 Nbd7 12. O-O O-O 13. Ne4 Nxe4 14. Bxe4 f5
15. Bd3 Nf6 16. Qe2 Rae8 17. Rfe1 b5 18. c4 bxc4 19. Bxc4 Nd5 20. Bd2 Qd7 21. a3
e5 22. Qf3 e4 23. Qb3 Kh8 24. Bxd5 cxd5 25. Rac1 Rb8 26. Qa2 Qb5 27. b4 f4 28.
Rc3 Rbe8 29. Qb3 Re6 30. a4 Qb7 31. b5 Rg6 32. Kf1 e3 33. Bc1 Qe7 34. Re2 Qg5
35. f3 Qg3 36. Bxe3 fxe3 37. Rcxe3 Qh2 38. Ke1 Qg1+ 39. Kd2 Bf4 40. Qxd5 Bxe3+
41. Rxe3 Qxg2+ 42. Kd3 Qf1+ 43. Kc3 Qc1+ 44. Kd3 Qb1+ 45. Kc3 Rc8+ 46. Qc5 Rxc5+
47. dxc5 h6 48. c6 Rd6 49. c7 Qc1+ 50. Kb4 Qxc7 {White resigns} 0-1

[Event "Team 45 45 League T78"]
[Site "Internet Chess Club"]
[Date "2018.10.07"]
[Round "3"]
[White "Insan996"]
[Black "Egmont"]
[Result "1/2-1/2"]
[WhiteElo "1662"]
[BlackElo "1684"]
[Opening "QGD Slav: exchange variation, 6.Bf4 Bf5"]
[ECO "D14"]
[Time "11:36:52"]
[TimeControl "2700+45"]

1. d4 d5 2. c4 c6 3. cxd5 cxd5 4. Nc3 Nf6 5. Nf3 Nc6 6. Bf4 Bf5 7. Qb3 Na5 8.
Qd1 e6 9. Qa4+ Nd7 10. e3 Nc6 11. Bb5 Qb6 12. O-O Be7 13. Rac1 O-O 14. Ne2 Rfc8
15. Ng3 Bg6 16. h4 h6 17. h5 Bh7 18. a3 a6 19. Bxc6 Rxc6 20. Rxc6 bxc6 21. Rc1
Rc8 22. b4 Bd3 23. Rc3 Bb5 24. Qc2 a5 25. bxa5 Qxa5 26. Qb2 Nb6 27. Qc1 Nc4 28.
Ne5 Bxa3 29. Nxc4 Bxc1 30. Nxa5 Bd2 31. Ra3 Bb4 32. Ra1 Ra8 33. Bc7 Bc3 34. Ra3
Bb4 35. Ra2 Ra7 36. Bb6 Ra6 37. Bc7 Ra7 38. Bd8 Ra8 39. Bb6 Ra6 40. Bc7 Ra7
{Game drawn by repetition} 1/2-1/2

[Event "Team 45 45 League T78"]
[Site "Internet Chess Club"]
[Date "2018.10.06"]
[Round "3"]
[White "Demachaeron"]
[Black "Skeptic1972"]
[Result "1-0"]
[WhiteElo "1735"]
[BlackElo "1444"]
[Opening "Nimzo-Indian: classical, Noa variation"]
[ECO "E34"]
[Time "15:04:09"]
[TimeControl "2700+45"]

1. d4 Nf6 2. c4 e6 3. Nc3 Bb4 4. Qc2 d5 5. e3 O-O 6. Nf3 c5 7. dxc5 Bxc5 8. cxd5
Nxd5 9. Bd2 b6 10. g3 Bb7 11. Bg2 Nb4 12. Qb3 Nd3+ 13. Ke2 Nc6 14. Qb5 Ndb4 15.
Kd1 Ba6 16. Qa4 b5 17. Qb3 Na5 18. Qa3 Nc4 19. Qb3 Bb7 20. Nb1 Qd3 21. Qxd3 Nxd3
22. b3 Nxf2+ 23. Ke2 Nxd2 24. Kxf2 Ne4+ 25. Ke2 Rfd8 26. a3 Rd7 27. Rc1 Bb6 28.
Nc3 Nxc3+ 29. Rxc3 Rad8 30. Ra2 g6 31. Ne1 Bxg2 32. Nxg2 Rc7 33. Rxc7 Bxc7 34.
Rc2 Bb6 35. Ne1 Rd5 36. Nd3 Kg7 37. b4 Kf6 38. Rc3 Ke7 39. Rc8 Rd8 40. Rc3 Rd7
41. Ne5 Rc7 42. Rxc7+ Bxc7 43. Nc6+ Kd6 44. Nxa7 Kd5 45. Nxb5 Kc4 46. Nxc7
{Black resigns} 1-0

[Event "Team 45 45 League T78"]
[Site "Internet Chess Club"]
[Date "2018.10.05"]
[Round "3"]
[White "nidusin2"]
[Black "tightfist"]
[Result "0-1"]
[WhiteElo "1474"]
[BlackElo "1525"]
[Opening "Queen's pawn, Mason variation"]
[ECO "D00"]
[Time "10:01:18"]
[TimeControl "2700+45"]

1. d4 d5 2. Bf4 Nf6 3. e3 Bf5 4. c3 e6 5. Nd2 Bd6 6. Bg3 O-O 7. Qb3 b6 8. Ngf3
c5 9. Ne5 Ng4 10. f4 Nxe3 11. Rc1 Nxf1 12. Rxf1 Qc7 13. Kf2 f6 14. dxc5 {White
resigns} 0-1

[Event "Team 45 45 League T78"]
[Site "Internet Chess Club"]
[Date "2018.10.05"]
[Round "3"]
[White "Monterrey"]
[Black "backrankbrawler"]
[Result "1-0"]
[WhiteElo "1963"]
[BlackElo "1706"]
[Opening "QGD: exchange, positional line, 5...c6"]
[ECO "D35"]
[Time "21:05:51"]
[TimeControl "2700+45"]

1. d4 Nf6 2. c4 e6 3. Nc3 d5 4. cxd5 exd5 5. Bg5 c6 6. e3 Nbd7 7. Bd3 Be7 8. Qc2
O-O 9. Nf3 Re8 10. O-O Nf8 11. h3 Ng6 12. Ne5 Ne4 13. Bxe7 Qxe7 14. Nxe4 dxe4
15. Bxe4 Nxe5 16. dxe5 Qxe5 17. Bxh7+ Kh8 18. Bd3 Qg5 19. f4 Qh4 20. Rae1 Be6
21. f5 Bd7 22. Qb3 Qe7 23. Qd1 c5 24. Qh5+ Kg8 25. f6 {Black resigns} 1-0

[Event "Team 45 45 League T78"]
[Site "Internet Chess Club"]
[Date "2018.10.07"]
[Round "3"]
[White "Zugzwanged"]
[Black "leandromorg"]
[Result "1-0"]
[WhiteElo "1717"]
[BlackElo "1744"]
[Opening "Robatsch (modern) defense"]
[ECO "B06"]
[Time "08:32:45"]
[TimeControl "2700+45"]

1. e4 g6 2. d4 Bg7 3. Nc3 d6 4. Be3 Nf6 5. Nf3 c6 6. Qd2 O-O 7. Bh6 Qa5 8. Bxg7
Kxg7 9. O-O-O Bg4 10. h3 Qh5 11. Be2 Bxf3 12. Bxf3 Qh6 13. Rhe1 Qxd2+ 14. Rxd2
Nfd7 15. e5 d5 16. e6 fxe6 17. Rxe6 Kf7 18. Rde2 Re8 19. Nxd5 cxd5 20. Bxd5 Kf8
21. Bxb7 Nb6 22. d5 N8d7 23. Bxa8 Nxa8 24. d6 Nab6 25. Rxe7 Rxe7 26. Rxe7 h5 27.
b4 a6 28. c4 Nf6 29. c5 Nbd5 30. Rb7 Ne4 31. f3 Nec3 32. Kb2 Ke8 33. c6 Nb5 34.
Rb8+ Kf7 35. c7 Nxd6 36. c8=Q Nxc8 37. Rxc8 Nxb4 38. Kb3 Nd3 39. Rd8 Nf4 40. Rd2
Ke6 41. Ka4 Nd5 42. Ka5 Nc7 43. Kb6 Nd5+ 44. Kxa6 Nc3 45. a4 Nxa4 46. Rc2 Kd5
47. Kb5 {Black resigns} 1-0

[Event "Team 45 45 League T78"]
[Site "Internet Chess Club"]
[Date "2018.10.07"]
[Round "3"]
[White "learnedberry1"]
[Black "nealbruce"]
[Result "1-0"]
[WhiteElo "1526"]
[BlackElo "1677"]
[Opening "Two knights defense (Modern bishop's opening)"]
[ECO "C55"]
[Time "11:03:50"]
[TimeControl "2700+45"]

1. e4 e5 2. Nf3 Nc6 3. Bc4 Nf6 4. d3 d6 5. Nc3 Be7 6. h3 O-O 7. O-O Na5 8. Bb3
Nxb3 9. axb3 a6 10. Be3 Be6 11. Ng5 Bd7 12. f4 h6 13. Nf3 exf4 14. Bxf4 Nh5 15.
Be3 f5 16. Nd4 Ng3 17. Rf3 Bh4 18. Kh2 c5 19. Nde2 Nxe2 20. Qxe2 fxe4 21. Nxe4
Qc7 22. Kh1 Rxf3 23. Qxf3 Rf8 24. Qe2 Bc6 25. Bd2 d5 26. Nxc5 Rf2 27. Qe6+ Kh7
28. Be3 Rxg2 29. Kxg2 Qg3+ 30. Kf1 Qf3+ 31. Kg1 d4 32. Ne4 Qxe3+ 33. Kf1 Qf3+
34. Kg1 Bf2+ 35. Kh2 Bg3+ 36. Kg1 Bf2+ 37. Kh2 Bg3+ 38. Kg1 Qe3+ 39. Kf1 Qf3+
40. Kg1 Qe3+ 41. Kf1 Bh2 42. Qf5+ Kh8 43. Re1 Qg1+ 44. Ke2 Qg2+ 45. Kd1 Bg1 46.
Re2 Bxe4 47. Rxe4 Be3 48. Re8# {Black checkmated} 1-0

[Event "Team 45 45 League T78"]
[Site "Internet Chess Club"]
[Date "2018.10.06"]
[Round "3"]
[White "laurenpar"]
[Black "Sloggi"]
[Result "1-0"]
[WhiteElo "1875"]
[BlackElo "1956"]
[Opening "QGD Slav: 4.Nc3"]
[ECO "D15"]
[Time "23:01:13"]
[TimeControl "2700+45"]

1. d4 d5 2. c4 c6 3. Nc3 Nf6 4. Nf3 a6 5. a4 e6 6. g3 dxc4 7. Bg2 c5 8. dxc5
Qxd1+ 9. Nxd1 Nc6 10. Ne3 Bxc5 11. Nxc4 Bd7 12. Nfe5 Rc8 13. O-O Ke7 14. Rd1 b5
15. Rxd7+ Nxd7 16. Nxc6+ Rxc6 17. Bxc6 bxc4 18. Bd2 Rb8 19. Bc3 f6 20. Rd1 Rd8
21. Ba5 Nb6 22. Rxd8 Kxd8 23. Bb7 Ke7 24. Bxb6 Bxb6 25. Bxa6 Bd4 26. Bxc4 Bxb2
27. a5 Bd4 28. e3 Ba7 29. Kg2 Kd6 30. a6 e5 31. Kf3 Kc5 32. Bd3 g6 33. h4 Kd5
34. g4 Ke6 35. Bc4+ Kd6 36. g5 Ke7 37. Ke4 {Black resigns} 1-0

[Event "Team 45 45 League T78"]
[Site "Internet Chess Club"]
[Date "2018.10.04"]
[Round "3"]
[White "cool64chess"]
[Black "Chessfish"]
[Result "1/2-1/2"]
[WhiteElo "1979"]
[BlackElo "1804"]
[Opening "Grünfeld: exchange, Spassky variation"]
[ECO "D87"]
[Time "22:40:41"]
[TimeControl "2700+45"]

1. d4 Nf6 2. c4 g6 3. Nc3 d5 4. cxd5 Nxd5 5. e4 Nxc3 6. bxc3 Bg7 7. Bc4 c5 8.
Ne2 O-O 9. O-O Nc6 10. Be3 Qc7 11. Rc1 Rd8 12. Bf4 e5 13. Bg3 Bh6 14. Rc2 Qe7
15. Bd5 cxd4 16. cxd4 Nb4 17. Rc5 Nxd5 18. Rxd5 Rxd5 19. exd5 exd4 20. Nxd4
{Game drawn by mutual agreement} 1/2-1/2

[Event "Team 45 45 League T78"]
[Site "Internet Chess Club"]
[Date "2018.10.11"]
[Round "3"]
[White "bradleyguo175"]
[Black "WillC"]
[Result "1-0"]
[WhiteElo "1819"]
[BlackElo "1717"]
[Opening "Queen's gambit accepted"]
[ECO "D20"]
[Time "17:04:58"]
[TimeControl "2700+45"]

1. d4 d5 2. c4 dxc4 3. e3 Nf6 4. Bxc4 Bf5 5. Qb3 e6 6. Qxb7 Nbd7 7. Nc3 Be7 8.
Nge2 O-O 9. O-O Nb6 10. Bb3 c5 11. dxc5 Bxc5 12. Rd1 Qc8 13. Qxc8 Raxc8 14. Nb5
Nbd5 15. Nbd4 Bg6 16. Bd2 Rfd8 17. Rac1 Ne4 18. Ba5 Nb6 19. Nxe6 Rxd1+ 20. Rxd1
Be7 21. N6d4 Bh4 22. g3 Be7 23. Nf4 Rc5 24. Bb4 Rc7 25. Bxe7 Rxe7 26. Nc6 {Black
resigns} 1-0

[Event "Team 45 45 League T78"]
[Site "Internet Chess Club"]
[Date "2018.10.07"]
[Round "3"]
[White "cayo89"]
[Black "kutch"]
[Result "1-0"]
[WhiteElo "1675"]
[BlackElo "1532"]
[Opening "Queen's pawn game, Chigorin variation"]
[ECO "A04"]
[Time "13:06:02"]
[TimeControl "2700+45"]

1. Nf3 Nc6 2. d4 d5 3. g3 Nf6 4. Bg2 Bf5 5. a3 e6 6. O-O Bd6 7. c4 O-O 8. c5 Be7
9. b4 a6 10. Bb2 Ne4 11. Nbd2 Bf6 12. Ne5 Nxd2 13. Qxd2 Ne7 14. f3 h6 15. Rad1
c6 16. e4 Bh7 17. Ng4 Nc8 18. e5 Be7 19. f4 a5 20. Bc3 b6 21. Ne3 bxc5 22. dxc5
a4 23. f5 exf5 24. Nxf5 Bg5 25. Qe2 g6 26. Nd4 Qe8 27. Nxc6 Qxc6 28. Bxd5 Qa6
29. b5 Qa7 30. Bxa8 Qxa8 31. e6 Qa7 32. exf7+ Qxf7 33. Rxf7 Rxf7 34. Qe8+ Rf8
35. Qe6+ Rf7 36. Qxc8+ Rf8 37. Qe6+ Rf7 38. Rd7 Be3+ 39. Kg2 {Black resigns} 1-0

[Event "Team 45 45 League T78"]
[Site "Internet Chess Club"]
[Date "2018.10.06"]
[Round "3"]
[White "Electryon"]
[Black "dalmata"]
[Result "0-1"]
[WhiteElo "1486"]
[BlackElo "1447"]
[Opening "Queen's pawn"]
[ECO "A40"]
[Time "17:01:53"]
[TimeControl "2700+45"]

1. d4 e6 2. Bf4 d6 3. Nf3 Nf6 4. e3 Be7 5. Bd3 Nh5 6. Bg3 Nc6 7. c3 O-O 8. Nbd2
b6 9. Qc2 f5 10. O-O Qe8 11. Bb5 Bd7 12. Qb3 Qf7 13. Bxc6 Bxc6 14. Qc4 Bxf3 15.
Nxf3 Nxg3 16. fxg3 c5 17. dxc5 bxc5 18. g4 Rab8 19. Rab1 Kh8 20. gxf5 exf5 21.
Qa4 Bf6 22. Rfd1 Rfd8 23. Rd2 Qe7 24. Qf4 g6 25. c4 Be5 26. Nxe5 dxe5 27. Qf2
Rxd2 28. Qxd2 Rd8 29. Qc3 Qd6 30. b3 Kg8 31. Rf1 e4 32. Qa5 a6 33. h3 Qd2 34.
Qxa6 Qxe3+ 35. Kh1 Qe2 36. Qe6+ Kg7 37. Qe7+ Kh6 38. Qh4+ Kg7 39. Qf2 Qxf2 40.
Rxf2 Rd1+ 41. Kh2 Kf6 42. Kg3 Ke5 43. Re2 Rd3+ 44. Kf2 f4 45. Rb2 Kd4 46. a4 Rd1
47. Ra2 Kd3 48. a5 e3+ 49. Kf3 Rd2 50. Ra1 Rf2+ 51. Kg4 e2 52. a6 Rf1 53. Ra3
e1=Q 54. b4+ Kxc4 55. bxc5 h6 56. a7 Qe6+ 57. Kh4 Qf6+ {White resigns} 0-1

[Event "Team 45 45 League T78"]
[Site "Internet Chess Club"]
[Date "2018.10.09"]
[Round "3"]
[White "Pawnchain"]
[Black "clarinetref"]
[Result "0-1"]
[WhiteElo "1370"]
[BlackElo "1504"]
[Opening "Modern defense"]
[ECO "A40"]
[Time "08:00:32"]
[TimeControl "2700+45"]

1. d4 g6 2. Nf3 Bg7 3. Nc3 b6 4. e4 d6 5. Bd3 Bb7 6. Bg5 h6 7. Be3 Nf6 8. e5
dxe5 9. dxe5 Ng4 10. Bf4 h5 11. e6 f5 12. h3 Nf6 13. Nb5 Nd5 14. Be5 O-O 15.
Bxg7 Kxg7 16. Qe2 c6 17. Nbd4 Qc7 18. c4 Nf4 19. Qe5+ Qxe5+ 20. Nxe5 Nxd3+ 21.
Nxd3 c5 22. Nb5 Na6 23. O-O Bc6 24. Nc3 Rad8 25. Ne5 Rd6 26. Nxc6 Rxc6 27. Rfe1
Nb4 28. Rad1 Nc2 29. Re2 Nd4 30. Re5 Rf6 31. Rde1 Rfxe6 32. Nd5 Rxe5 33. Rxe5 e6
34. Nf4 Kf6 35. Re1 a6 36. Kf1 b5 37. cxb5 axb5 38. Nd3 c4 39. Nb4 Rc5 40. Rd1
e5 41. a3 c3 42. bxc3 Nb3 43. Ke2 Kg5 44. Rb1 Rxc3 45. Nd5 Nd4+ 46. Kd2 Rxa3 47.
Nc3 Rb3 48. Re1 b4 49. Nd5 e4 50. g3 Rb2+ 51. Kc1 Rxf2 52. Nxb4 Nb3+ 53. Kb1
Nd2+ 54. Kc1 Nf3 55. Rd1 Rg2 56. g4 hxg4 57. hxg4 Kxg4 58. Nd5 Rg1 59. Ne3+ Kf4
60. Rxg1 Nxg1 61. Kd2 Nf3+ 62. Ke2 Nd4+ 63. Kf2 g5 64. Ng2+ Ke5 65. Ne3 f4 66.
Ng4+ Kf5 67. Nh2 e3+ 68. Kf1 g4 69. Kg1 f3 70. Kf1 Kf4 71. Nxf3 gxf3 72. Ke1 Kg3
73. Kf1 e2+ 74. Ke1 Kg2 75. Kd2 f2 76. Kd3 f1=Q 77. Kxd4 e1=Q {White resigns}
0-1

[Event "Team 45 45 League T78"]
[Site "Internet Chess Club"]
[Date "2018.10.06"]
[Round "3"]
[White "Hectormercado"]
[Black "Constrictor"]
[Result "0-1"]
[WhiteElo "1486"]
[BlackElo "1529"]
[Opening "Alekhine's defense"]
[ECO "B03"]
[Time "11:01:22"]
[TimeControl "2700+45"]

1. e4 Nf6 2. e5 Nd5 3. d4 d6 4. c4 Nb6 5. Nd2 dxe5 6. dxe5 Nc6 7. Ngf3 Bg4 8.
Qc2 g6 9. b3 Bf5 10. Qd1 Nb4 11. c5 Nc2+ {White resigns} 0-1

[Event "Team 45 45 League T78"]
[Site "Internet Chess Club"]
[Date "2018.10.05"]
[Round "3"]
[White "ocelotl"]
[Black "drsigmund1"]
[Result "0-1"]
[WhiteElo "1335"]
[BlackElo "1511"]
[Opening "English opening"]
[ECO "A13"]
[Time "20:02:24"]
[TimeControl "2700+45"]

1. c4 e6 2. Nc3 b6 3. Nf3 Bb7 4. g3 f5 5. Bg2 Nf6 6. O-O Be7 7. Rb1 O-O 8. b4
Ne4 9. Nxe4 fxe4 10. Ne5 d6 11. Ng4 h5 12. Ne3 Nd7 13. Bb2 Bf6 14. d4 Bg5 15. f4
exf3 16. Bxf3 Bxe3+ 17. Kg2 Bxf3+ 18. exf3 Bg5 19. f4 Bf6 20. Qxh5 Qe8 21. Qh3
Qf7 22. g4 Qg6 23. f5 exf5 24. Rxf5 Rae8 25. Qf3 c6 26. h3 Be7 27. Rf1 Rxf5 28.
Qxf5 Qxf5 29. Rxf5 Bf6 30. Kf3 Re1 31. Kg2 Re2+ 32. Rf2 Rxf2+ 33. Kxf2 d5 34. c5
Nf8 35. Ke3 b5 36. Kf4 Ne6+ 37. Ke3 Kh7 38. Bc3 Kg6 39. a4 a6 40. axb5 axb5 41.
Kf3 Ng5+ 42. Kg2 Ne6 43. Kg3 Nxd4 44. Bxd4 Bxd4 45. h4 Bc3 46. Kf4 Bxb4 47. h5+
Kf7 48. g5 Bxc5 49. Kf5 b4 50. g6+ Kg8 51. h6 gxh6 52. Kf6 b3 53. g7 b2 {White
resigns} 0-1

[Event "Team 45 45 League T78"]
[Site "Internet Chess Club"]
[Date "2018.10.04"]
[Round "3"]
[White "LuFran"]
[Black "dabodhi"]
[Result "1-0"]
[WhiteElo "1542"]
[BlackElo "1235"]
[Opening "Dutch, 2.Bg5 variation"]
[ECO "A80"]
[Time "19:04:00"]
[TimeControl "2700+45"]

1. d4 f5 2. Bg5 h6 3. Bh4 g5 4. e4 d6 5. Qh5+ Kd7 6. Bxg5 Nc6 7. c3 Bg7 8. Be3
Nf6 9. Qd1 Nxe4 10. Bd3 Qe8 11. Bxe4 fxe4 12. Qg4+ Kd8 13. Qxg7 Rg8 14. Qh7 d5
15. Qxh6 Rg6 16. Qh5 Qg8 17. g3 Bg4 18. Qh4 Qf7 19. h3 Be6 20. Nd2 Kd7 21. g4 b5
22. Ne2 Rg7 23. Nf4 Rh7 24. Qg3 Rg8 25. Nxe6 Qxe6 26. O-O-O b4 27. c4 dxc4 28.
d5 Qf6 29. dxc6+ Kc8 30. Nxe4 Qg7 31. Rd7 e5 32. Rxg7 Rhxg7 33. Rd1 {Black
resigns} 1-0

[Event "Team 45 45 League T78"]
[Site "Internet Chess Club"]
[Date "2018.10.05"]
[Round "3"]
[White "PsyMar"]
[Black "olivermx"]
[Result "1-0"]
[WhiteElo "1301"]
[BlackElo "1167"]
[Opening "Scotch: Lolli variation"]
[ECO "C44"]
[Time "12:03:35"]
[TimeControl "2700+45"]

1. e4 e5 2. Nf3 Nc6 3. d4 Nxd4 4. Nxe5 Ne6 5. Qf3 Nf6 6. g4 d6 7. Bb5+ Bd7 8.
Bxd7+ Ke7 9. Bxe6 dxe5 10. Bb3 Qd7 11. g5 Ne8 12. Qxf7+ {Black resigns} 1-0

[Event "Team 45 45 League T78"]
[Site "Internet Chess Club"]
[Date "2018.10.04"]
[Round "3"]
[White "rubo"]
[Black "zethhon"]
[Result "0-1"]
[WhiteElo "1611"]
[BlackElo "1413"]
[Opening "Queen's pawn, Mason variation"]
[ECO "D00"]
[Time "22:00:44"]
[TimeControl "2700+45"]

1. d4 d5 2. Bf4 e6 3. e3 Nf6 4. Nd2 Be7 5. Bd3 O-O 6. Ngf3 b6 7. Ne5 Bb7 8. Qf3
Nbd7 9. h4 c5 10. c3 Rc8 11. g4 cxd4 12. exd4 Nxe5 13. dxe5 Nd7 14. g5 Nc5 15.
Bc2 d4 16. Be4 Nxe4 17. Nxe4 Kh8 18. O-O-O Qd7 19. Rxd4 Qxd4 20. Re1 Bb4 21. Kb1
Bxe4+ 22. Rxe4 Qd5 23. Qe2 Bc5 24. f3 Rfd8 25. b4 Qd1+ 26. Qxd1 Rxd1+ 27. Kc2
Rh1 28. bxc5 Rxc5 29. Be3 Rh2+ 30. Kb3 Rc8 31. Ra4 Rh3 32. Rf4 Kg8 33. Bd4 h6
34. gxh6 gxh6 35. Rg4+ Kf8 36. Rf4 Ke7 37. a4 h5 38. Kb4 Rh1 39. Kb5 Ra1 40. Rf6
Rd8 41. Rf4 Rd5+ 42. Kb4 Rb1+ 43. Ka3 Ra1+ 44. Kb2 Rxa4 45. Bc5+ bxc5 46. Rxa4
Rxe5 47. Rxa7+ Kf6 48. Rc7 Kg6 49. Kb3 Rf5 50. Kc4 Rxf3 51. Rxc5 Rf4+ 52. Kd3
Rxh4 53. c4 Rh3+ 54. Ke4 h4 55. Kf4 Rc3 56. Rc8 h3 57. Rh8 Rxc4+ 58. Kg3 Rc3+
59. Kh2 Kf5 60. Rh4 Kg5 61. Rh7 f5 62. Re7 Re3 63. Re8 Kg4 64. Rg8+ Kh4 65. Rh8+
Kg4 66. Rg8+ Kf4 67. Rh8 e5 68. Rh4+ Kg5 69. Rh8 f4 70. Rg8+ Kf5 71. Rf8+ Ke4
72. Rg8 Kd3 73. Rg5 e4 74. Rf5 Rf3 75. Rd5+ Ke2 76. Ra5 e3 77. Ra2+ Kf1 78. Ra1+
Ke2 79. Ra2+ Kd3 80. Ra3+ Ke4 81. Ra4+ Kf5 82. Ra5+ Kg4 83. Ra8 Rf2+ 84. Kg1
Rg2+ 85. Kh1 Kf3 86. Rf8 e2 87. Rxf4+ Ke3 88. Rf3+ Kd2 89. Rd3+ Ke1 90. Rd1+ Kf2
91. Ra1 h2 92. Ra2 Rg8 93. Rb2 Rd8 94. Ra2 Kf1 95. Kxh2 e1=Q {White resigns} 0-1

[Event "Team 45 45 League T78"]
[Site "Internet Chess Club"]
[Date "2018.10.05"]
[Round "3"]
[White "Kingfisher75"]
[Black "nosir"]
[Result "1-0"]
[WhiteElo "1556"]
[BlackElo "1395"]
[Opening "Robatsch defense: Geller's system"]
[ECO "B06"]
[Time "20:01:11"]
[TimeControl "2700+45"]

1. e4 g6 2. d4 Bg7 3. c3 d6 4. Nf3 Nd7 5. Bd3 e5 6. O-O Ne7 7. Re1 O-O 8. Be3
exd4 9. cxd4 Nf6 10. h3 Nh5 11. Qd2 f5 12. Bh6 f4 13. Bxg7 Kxg7 14. Nc3 c6 15.
e5 dxe5 16. Rxe5 Nf5 17. Bc2 Nd6 18. Qe2 Bf5 19. Re1 Bxc2 20. Qxc2 Re8 21. Qe2
h6 22. Re6 Rxe6 23. Qxe6 Nf5 24. Ne5 Qe8 25. Qd7+ Qxd7 26. Nxd7 Rd8 27. Nc5 Kf7
28. Nxb7 Rxd4 29. Re2 Nf6 30. Na5 Ne7 31. Rxe7+ Kf8 32. Rxa7 Rd2 33. Rb7 Nd5 34.
Nxd5 cxd5 35. Kf1 Rc2 36. Rb6 Kf7 37. Nc6 g5 38. a4 h5 39. a5 Ke8 40. a6 Rc1+
41. Ke2 Ra1 42. a7 Kd7 43. Rb8 {Black resigns} 1-0

[Event "Team 45 45 League T78"]
[Site "Internet Chess Club"]
[Date "2018.10.05"]
[Round "3"]
[White "Gilguli"]
[Black "Kingofknights"]
[Result "0-1"]
[WhiteElo "1379"]
[BlackElo "1461"]
[Opening "Caro-Kann: Rasa-Studier gambit"]
[ECO "B15"]
[Time "11:04:29"]
[TimeControl "2700+45"]

1. e4 c6 2. d4 d5 3. Nc3 dxe4 4. f3 exf3 5. Nxf3 Nf6 6. Bc4 e6 7. O-O Nbd7 8.
Bg5 Be7 9. Qe1 Nb6 10. Bb3 Nbd5 11. Rd1 O-O 12. Nxd5 cxd5 13. c3 b6 14. Ne5 Bb7
15. Rf3 Ne4 16. Bxe7 Qxe7 17. Qe3 Rac8 18. Rh3 f5 19. Rf1 Rc7 20. Qf4 Qf6 21.
Nd7 Rxd7 {White resigns} 0-1

[Event "Team 45 45 League T78"]
[Site "Internet Chess Club"]
[Date "2018.10.07"]
[Round "3"]
[White "Toalla"]
[Black "SeniorCitizen"]
[Result "0-1"]
[WhiteElo "1257"]
[BlackElo "1206"]
[Opening "French: Swiss variation"]
[ECO "C11"]
[Time "12:07:35"]
[TimeControl "2700+45"]

1. e4 e6 2. d4 d5 3. Nc3 Nf6 4. Bd3 c5 5. Nf3 cxd4 6. Nxd4 dxe4 7. Nxe4 Be7 8.
O-O O-O 9. c3 Nbd7 10. Bg5 Re8 11. Re1 Nxe4 12. Bxe7 Qxe7 13. Bxe4 Nf6 14. Bc2
Rd8 15. Qf3 Rb8 16. Rad1 Bd7 17. Nf5 Qf8 18. Nd6 Bc6 19. Ne4 Bxe4 20. Bxe4 Rxd1
21. Rxd1 Nxe4 22. Qxe4 Qe7 23. Qe5 Rd8 24. Rd4 Rxd4 25. Qxd4 b6 26. Kf1 h6 27.
f3 Kh7 28. Ke2 f6 29. a3 Qc7 30. g3 Qe5+ 31. Qe4+ Qxe4+ 32. fxe4 Kg6 33. Ke3 e5
34. c4 Kf7 35. b4 Ke7 36. Kd3 Kd6 37. Kc3 g6 38. a4 f5 39. Kd3 a5 40. bxa5 bxa5
41. h3 Kc5 42. exf5 gxf5 43. h4 h5 44. Kc3 e4 {White resigns} 0-1

[Event "Team 45 45 League T78"]
[Site "Internet Chess Club"]
[Date "2018.10.07"]
[Round "3"]
[White "President"]
[Black "calsal"]
[Result "0-1"]
[WhiteElo "1552"]
[BlackElo "1762"]
[Opening "Nimzovich-Larsen attack: modern variation"]
[ECO "A01"]
[Time "10:03:45"]
[TimeControl "2700+45"]

1. b3 e5 2. Bb2 Nc6 3. e3 d5 4. Bb5 Bd6 5. Ne2 Qg5 6. O-O Nf6 7. f4 exf4 8. Nxf4
O-O 9. Bxc6 bxc6 10. Qf3 Ne4 11. d3 Bg4 12. h4 Qxh4 13. g3 Nxg3 14. Qg2 Nxf1 15.
Qxf1 Qg3+ 16. Qg2 Qxe3+ 17. Qf2 {White resigns} 0-1

[Event "Team 45 45 League T78"]
[Site "Internet Chess Club"]
[Date "2018.10.08"]
[Round "3"]
[White "kllrchris"]
[Black "julesraider"]
[Result "1/2-1/2"]
[WhiteElo "1648"]
[BlackElo "1567"]
[Opening "King's Indian: orthodox, Aronin-Taimanov, bayonet attack"]
[ECO "E97"]
[Time "20:09:36"]
[TimeControl "2700+45"]

1. d4 Nf6 2. c4 g6 3. Nc3 Bg7 4. e4 d6 5. Nf3 O-O 6. Be2 e5 7. O-O Nc6 8. d5 Ne7
9. b4 Nh5 10. Re1 f5 11. Ng5 Nf6 12. Bf3 h6 13. Ne6 Bxe6 14. dxe6 c6 15. Be3
{Game drawn by mutual agreement} 1/2-1/2

[Event "Team 45 45 League T78"]
[Site "Internet Chess Club"]
[Date "2018.10.08"]
[Round "3"]
[White "Chess4Him"]
[Black "MartyJR"]
[Result "1/2-1/2"]
[WhiteElo "1537"]
[BlackElo "1431"]
[Opening "Queen's pawn: London system"]
[ECO "A45"]
[Time "21:31:03"]
[TimeControl "2700+45"]

1. d4 Nf6 2. Bf4 g6 3. e3 Bg7 4. Nf3 O-O 5. Be2 b6 6. Nbd2 Bb7 7. c3 d6 8. h3
Nbd7 9. O-O Re8 10. a4 a6 11. Bh2 e5 12. dxe5 dxe5 13. Qc2 Qe7 14. Rfe1 Rad8 15.
Nc4 Ne4 16. Red1 Ng5 17. Ncd2 Nxf3+ 18. Bxf3 Bxf3 19. Nxf3 Nc5 20. b4 Nb7 21.
Rac1 e4 22. Nd4 Bxd4 23. Rxd4 Nd6 24. Rcd1 f5 25. Qb3+ Nf7 26. Rd5 Rxd5 27. Rxd5
Kh8 28. Qc4 Rd8 29. Qd4+ Kg8 30. Rxd8+ Nxd8 31. Qc4+ Nf7 32. Qxc7 Qe6 33. Qb8+
Kg7 34. Qb7 Qf6 35. Qc7 Qe6 36. Bf4 h6 37. h4 Kf6 38. c4 g5 39. Bg3 Kg6 40. hxg5
hxg5 41. c5 bxc5 42. Qxc5 Kh5 43. Kh2 Nh6 44. f3 exf3 45. gxf3 Qa2+ 46. Kg1 Qb1+
47. Kg2 Qa2+ 48. Bf2 Qxa4 49. Qc8 Qb5 50. Qc5 Qa4 51. Qe5 Qd7 52. Qa5 Qb5 53.
Qd8 Qc6 54. Qe7 Qg6 55. Kf1 Qc6 56. Kg2 Qg6 57. Kf1 Qc6 58. Kg2 {Game drawn by
repetition} 1/2-1/2